Map: 瑟拉斯废墟

Players

doudou

  • Race: Terran Terran
  • League: Master

开局要打鸡儿盒饭

  • Race: Terran Terran
  • League: Master

Psmoonsun - Winner!

  • Race: Protoss Protoss
  • League: Master

PsRush - Winner!

  • Race: Protoss Protoss
  • League: Master

Event: GPL 2015 - Grand Finals

VOD

Have the link to the VOD?

Description

Time

  • Played on: Jan. 16, 2016, 10:12 a.m.
  • Length: 20:31

All games in this series

Show
View Real Time Build Order
Export as new Build Order

doudou Terran 

Build Orders: 1/1/1, Liberator Opening, MMM Bio 

Get SALT Encoding   

  12  0:00  SCV  
  13  0:13  SCV  
  14  0:18  Supply Depot  
  14  0:25  SCV  
  15  0:31  Refinery  
  15  0:39  SCV  
  16  0:45  Barracks  
  16  0:51  SCV  
  17  1:03  SCV  
  18  1:11  Supply Depot  
  18  1:15  SCV  
  19  1:32  Orbital Command  
  19  1:33  Factory  
  19  1:36  Marine  
  20  1:54  Marine  
  20  1:58  SCV  
  22  2:10  SCV  
  22  2:11  Refinery  
  22  2:12  Marine  
  24  2:17  Starport  
  24  2:18  Widow Mine  
  26  2:23  SCV  
  26  2:28  Supply Depot  
  27  2:30  Marine  
  27  2:35  SCV  
  29  2:46  Widow Mine  
  29  2:49  Marine, SCV  
  33  2:53  Medivac  
  33  2:54  Supply Depot  
  35  3:01  SCV  
  36  3:07  Marine  
  37  3:16  Factory Tech Lab  
  37  3:17  SCV  
  38  3:23  Liberator  
  38  3:35  Command Center  
  38  3:41  Marine  
  42  3:42  SCV  
  42  3:44  Supply Depot  
  43  3:54  SCV  
  44  4:00  Cyclone  
  47  4:06  SCV  
  48  4:18  Engineering Bay  
  48  4:22  SCV  
  49  4:27  Barracks Reactor  
  49  4:34  Cyclone, SCV  
  53  4:39  Barracks  
  53  4:44  Barracks  
  53  4:45  Liberator  
  53  4:47  Orbital Command  
  53  4:49  SCV  
  50  5:01  SCV  
  50  5:03  Bunker  
  50  5:06  Marine x2  
  49  5:09  Missile Turret  
  49  5:14  SCV  
  50  5:15  SCV  
  51  5:26  SCV  
  51  5:28  Siege Tank  
  55  5:29  Barracks Tech Lab, Marine x2  
  55  5:30  SCV  
  56  5:36  Refinery  
  56  5:38  Marine  
  56  5:40  SCV  
  56  5:42  SCV  
  59  5:52  Stimpack, Marine x2, SCV  
  59  5:54  SCV  
  59  5:55  Supply Depot  
  61  6:05  Terran Infantry Weapons Level 1, SCV  
  61  6:06  SCV  
  61  6:09  Refinery  
  61  6:10  Marine x2  
  65  6:14  Marine  
  65  6:17  Combat Shields, SCV  
  65  6:18  Marauder  
  69  6:24  Supply Depot  
  69  6:27  Marine  
  69  6:28  Marine  
  69  6:32  Marine  
  72  6:36  SCV  
  72  6:38  Marine  
  67  6:40  SCV  
  67  6:45  Marine x2  
  65  6:48  SCV  
  65  6:50  Marine, Starport Reactor  
  65  6:52  Widow Mine, SCV  
  70  6:58  Command Center  
  70  7:00  SCV  
  71  7:02  Marauder  
  71  7:03  Marine  
  71  7:04  SCV  
  74  7:09  Marine  
  74  7:12  SCV  
  74  7:14  Supply Depot  
  75  7:16  SCV  
  76  7:23  Marine  
  76  7:24  SCV  
  76  7:27  Medivac x2  
  76  7:28  SCV  
  76  7:29  Factory Tech Lab  
  83  7:30  Factory Reactor, Marine  
  83  7:35  Barracks  
  83  7:36  SCV  
  85  7:38  Barracks  
  85  7:43  SCV  
  82  7:48  SCV  
  83  7:56  SCV  
  84  7:59  Marine  
  84  8:00  Medivac x2, SCV  
  84  8:01  Marine  
  84  8:02  Marauder  
  93  8:08  SCV  
  93  8:11  Supply Depot, Barracks x2  
  93  8:12  Supply Depot  
  94  8:16  Liberator  
  94  8:17  Widow Mine x2  
  94  8:18  Orbital Command  
  98  8:23  Terran Infantry Armor Level 1  
  98  8:25  Marine  
  98  8:26  Barracks Tech Lab  
  99  8:27  Liberator, Barracks Reactor  
  99  8:28  Marine  
  101  8:38  Marine  
  101  8:40  Marine  
  103  8:44  Marine  
  103  8:46  Marine  
  107  8:56  Marine  
  107  8:57  SCV  
  107  8:58  Widow Mine, Marine  
  107  9:00  Marine  
  107  9:01  Missile Turret  
  113  9:06  Marine  
  113  9:09  Marine  
  114  9:11  Marine  
  114  9:12  SCV  
  114  9:14  Marine  
  114  9:16  Marauder, Marine  
  120  9:19  Marauder, Marine  
  118  9:33  Marine  
  118  9:35  Marine  
  118  9:36  Marine  
  118  9:37  Marine, SCV  
  97  9:46  Marine  
  97  9:47  Marauder  
  97  9:50  Marauder, Marine  
  103  9:54  Liberator x2  
  94  10:01  Marine  
  94  10:03  Marine  
  94  10:05  Orbital Command  
  94  10:06  Marine  
  94  10:07  SCV  
  90  10:08  Marauder  
  90  10:12  Marauder, Marine  
  90  10:13  Barracks Tech Lab  
  101  10:24  Barracks Tech Lab  
  101  10:29  Ghost Academy  
  101  10:43  Marine x2  
  101  10:44  Widow Mine x2  
  107  10:51  Armory, Engineering Bay, SCV x2  
  107  10:54  Refinery  
  107  10:55  Marine, Refinery  
  110  10:57  Medivac x2  
  110  11:01  Marauder, Marine  
  110  11:02  Barracks Tech Lab  
  110  11:03  Marine  
  117  11:15  Marine  
  117  11:16  Marauder, Marine  
  117  11:17  Marauder  
  117  11:18  Widow Mine  
  117  11:19  Supply Depot x2  
  116  11:27  Starport x2  
  116  11:30  Marine  
  117  11:40  Widow Mine, Marine  
  117  11:41  Viking  
  117  11:42  Viking, Marine  
  117  11:43  Terran Infantry Armor Level 2, Marauder, Terran Infantry Weapons Level 2  
  124  11:51  Marine x3  
  125  11:58  Marine  
  126  12:04  Viking  
  126  12:05  Viking  
  130  12:09  Marine x2  
  130  12:10  Marine  
  131  12:17  Marine x2  
  131  12:20  Marine  
  131  12:21  Viking  
  130  12:27  Supply Depot  
  125  12:40  Viking x3  
  131  12:46  Marauder  
  131  12:49  Marauder, Marine x2  
  131  12:51  Viking  
  139  12:54  SCV  
  139  12:55  Marine  
  139  12:58  Marine  
  142  13:02  Ghost  
  142  13:05  Ghost  
  144  13:10  Marine  
  147  13:13  Marine x2  
  147  13:15  Medivac  
  149  13:20  Marine  
  149  13:22  Marine  
  149  13:24  Marine x2  
  149  13:30  Sensor Tower  
  149  13:33  Viking  
  149  13:34  Marine x2  
  149  13:35  Supply Depot x2  
  149  13:36  Liberator  
  151  13:43  Marine  
  151  13:46  Liberator  
  150  13:52  Medivac x2  
  157  13:58  SCV  
  157  14:03  Orbital Command  
  157  14:07  SCV  
  159  14:24  Marauder x2, Marine  
  143  14:28  Marine x2  
  143  14:29  Marauder, Marine  
  143  14:30  Marauder x2  
  115  14:42  Marine  
  115  14:45  Marine  
  105  14:46  Marauder  
  105  14:47  Marine  
  105  14:50  Marauder, Marine  
  105  14:51  Marauder  
  114  14:53  Orbital Command  
  114  14:54  Marine  
  114  14:55  Marauder  
  113  15:03  Marine  
  113  15:06  Marine  
  107  15:07  Marine  
  107  15:10  Marine  
  102  15:19  Marine x2  
  102  15:20  Marine x2  
  97  15:29  Liberator x2, Marine  
  97  15:30  Marine  
  97  15:32  Marine  
  97  15:35  Marine, SCV x2  
  96  15:36  SCV  
  98  15:47  Marauder, SCV x2  
  108  15:52  Marine  
  108  15:53  Marine  
  110  16:00  Marine  
  110  16:01  Marauder, Concussive Shells  
  110  16:02  Widow Mine x2  
  116  16:07  Marine  
  116  16:10  Marine x2  
  118  16:15  Liberator  
  118  16:17  SCV x3  
  105  16:18  Marine  
  105  16:19  Marine x2  
  105  16:21  Marine  
  105  16:22  Marine  
  105  16:23  Marine  
  105  16:25  Marine  
  108  16:29  Marauder, Marine  
  114  16:36  Marine  
  114  16:37  Marauder  
  114  16:39  Marauder  
  119  16:40  Marauder, Marine x2  
  123  16:50  Marauder, Marine x2  
  127  16:54  Marine  
  127  16:57  Liberator  
  127  16:58  Liberator x3  
  129  17:15  Ghost  
  129  17:17  Marine x2  
  129  17:21  Marauder, Marine  
  116  17:26  Marine  
  116  17:29  Widow Mine  
  107  17:30  Marauder  
  107  17:35  Marine x2  
  114  17:40  Liberator x2  
  114  17:42  Marine  
  114  17:43  Marauder  
  119  17:44  Marauder  
  119  17:45  Terran Infantry Weapons Level 3  
  119  17:50  Marine  
  119  17:51  Marine  
  118  17:58  Medivac  
  126  18:00  Widow Mine x2, Marine  
  126  18:01  Marauder, Marine  
  126  18:02  Marauder, Marine  
  137  18:09  Marauder x2, Marine  
  137  18:10  Marauder  
  144  18:13  Orbital Command  
  139  18:22  Marine x3  
  139  18:25  Marine  
  143  18:36  Marine  
  143  18:39  Marine  
  143  18:40  Refinery  
  144  18:45  Marine x4  
  148  18:55  Marauder x2, Marine  
  153  18:57  Marine  
  153  19:01  Marine  
  154  19:09  Marine  
  154  19:12  Marine  
  154  19:14  Marine  
  154  19:15  Marauder x2  
  158  19:17  Marine  
  158  19:18  Marauder  
  158  19:19  Marine  
  158  19:21  Marine  
  166  19:25  SCV x3  
  166  19:27  Marine  
  166  19:30  Marine  
  171  19:32  Marine  
  171  19:35  Marine  
  171  19:36  Supply Depot, Marauder, Marine  
  173  19:47  Marine  
  173  19:48  Marine  
  173  19:50  Marauder, Marine  
  173  19:51  SCV  
  173  19:52  Marine  
  167  19:53  Marauder  
  167  19:55  Marine x2  
  167  19:57  Marine  
  173  20:00  Command Center  
  167  20:11  Marine x2  
  167  20:13  Marine  
Show
View Real Time Build Order
Export as new Build Order

开局要打鸡儿盒饭 Terran 

Build Orders:  

Get SALT Encoding   

  12  0:01  Probe (Chrono Boost)  
  13  0:11  Probe (Chrono Boost)  
  14  0:19  Pylon  
  14  0:22  Probe (Chrono Boost)  
  15  0:37  Probe (Chrono Boost)  
  15  0:39  Gateway  
  16  0:48  Probe (Chrono Boost)  
  16  0:49  Assimilator  
  17  0:58  Probe (Chrono Boost)  
  18  1:09  Probe (Chrono Boost)  
  19  1:19  Probe (Chrono Boost)  
  20  1:27  Nexus  
  20  1:30  Probe (Chrono Boost)  
  21  1:38  Cybernetics Core  
  21  1:43  Probe (Chrono Boost)  
  22  1:49  Assimilator  
  22  1:54  Pylon  
  22  1:57  Probe (Chrono Boost)  
  23  2:12  Probe (Chrono Boost)  
  23  2:13  Adept  
  26  2:15  Warp Gate  
  27  2:24  Probe (Chrono Boost)  
  27  2:35  Stargate  
  27  2:36  Probe (Chrono Boost)  
  28  2:37  Adept  
  28  2:39  Probe (Chrono Boost)  
  31  2:48  Probe (Chrono Boost)  
  31  2:49  Pylon  
  32  2:51  Probe (Chrono Boost)  
  33  3:00  Probe (Chrono Boost)  
  33  3:01  Adept  
  33  3:04  Probe (Chrono Boost)  
  37  3:12  Probe (Chrono Boost)  
  38  3:14  Pylon  
  38  3:17  Probe (Chrono Boost), Phoenix  
  40  3:27  Adept  
  40  3:28  Probe (Chrono Boost)  
  40  3:31  Mothership Core (Chrono Boost)  
  44  3:39  Gateway  
  44  3:40  Phoenix  
  46  3:52  Gateway  
  46  3:55  Probe (Chrono Boost)  
  48  4:03  Probe (Chrono Boost)  
  48  4:08  Robotics Facility  
  48  4:12  Phoenix  
  48  4:20  Probe (Chrono Boost), Assimilator  
  48  4:21  Adept  
  51  4:26  Probe (Chrono Boost)  
  51  4:27  Pylon  
  52  4:37  Adept  
  52  4:38  Probe (Chrono Boost)  
  54  4:44  Assimilator  
  55  4:45  Probe (Chrono Boost)  
  55  4:46  Adept  
  55  4:49  Adept  
  55  4:51  Phoenix  
  61  5:01  Observer  
  61  5:03  Probe (Chrono Boost)  
  61  5:04  Probe (Chrono Boost)  
  61  5:06  Adept x2  
  67  5:16  Probe (Chrono Boost)  
  67  5:19  Probe (Chrono Boost)  
  66  5:26  Gateway x2  
  66  5:27  Observer  
  66  5:28  Probe (Chrono Boost)  
  67  5:31  Probe (Chrono Boost)  
  69  5:41  Probe (Chrono Boost)  
  70  5:49  Pylon  
  70  5:50  Pylon  
  70  5:58  Pylon  
  70  6:02  Warp Prism  
  70  6:04  Phoenix  
  74  6:16  Nexus  
  74  6:23  Adept x3  
  74  6:44  Phoenix  
  74  6:45  Probe (Chrono Boost)  
  74  6:46  Probe (Chrono Boost), Adept x5, Observer  
  83  6:56  Pylon  
  83  6:57  Probe (Chrono Boost)  
  83  7:00  Pylon  
  84  7:07  Adept x3  
  84  7:08  Adept  
  92  7:14  Twilight Council  
  93  7:16  Probe (Chrono Boost), Phoenix  
  95  7:23  Sentry  
  95  7:26  Immortal  
  97  7:36  Probe x2 (Chrono Boost)  
  103  7:37  Phoenix  
  103  7:38  Probe (Chrono Boost)  
  104  7:46  Adept x2  
  104  7:51  Probe x2 (Chrono Boost)  
  108  7:53  Probe (Chrono Boost)  
  103  7:59  Phoenix  
  103  8:00  Warp Prism  
  103  8:02  Probe (Chrono Boost)  
  103  8:03  Probe (Chrono Boost)  
  103  8:05  Probe (Chrono Boost)  
  109  8:12  Probe (Chrono Boost)  
  109  8:16  Adept x2  
  109  8:17  Adept x2  
  116  8:22  Probe (Chrono Boost)  
  116  8:23  Probe (Chrono Boost)  
  118  8:27  Probe (Chrono Boost), Phoenix  
  123  8:34  Probe (Chrono Boost)  
  123  8:35  Probe (Chrono Boost), Assimilator  
  123  8:36  Assimilator  
  123  8:37  Fleet Beacon  
  123  8:42  Probe (Chrono Boost)  
  123  8:46  Probe (Chrono Boost)  
  125  8:53  Pylon  
  125  9:02  Pylon  
  124  9:03  Pylon  
  124  9:06  Stargate  
  124  9:08  Phoenix, Pylon  
  126  9:23  Adept  
  126  9:24  Adept x4  
  130  9:36  Tempest  
  100  9:45  Adept x3  
  100  9:46  Adept x2  
  100  9:51  Probe x2 (Chrono Boost)  
  110  9:54  Gateway x2  
  110  9:55  Gateway  
  110  9:56  Gateway  
  110  9:57  Resonating Glaives  
  90  10:09  Probe (Chrono Boost)  
  90  10:11  Gateway  
  90  10:12  Gateway  
  91  10:16  Forge  
  91  10:17  Adept x3, Forge  
  91  10:18  Adept  
  99  10:21  Sentry  
  99  10:22  Tempest  
  103  10:30  Tempest  
  103  10:35  Immortal  
  109  10:40  Adept x2  
  109  10:41  Adept x2  
  117  10:56  Templar Archives  
  117  10:59  Nexus  
  117  11:07  Adept x4  
  119  11:24  Adept x5  
  119  11:25  Adept  
  131  11:27  Tempest  
  135  11:33  Protoss Ground Weapons Level 1, Pylon  
  135  11:34  Protoss Ground Armor Level 1, Psionic Storm  
  134  11:53  Photon Cannon  
  133  11:57  Probe x3 (Chrono Boost), Assimilator  
  136  12:05  High Templar x2  
  125  12:22  Adept  
  125  12:23  Adept  
  125  12:24  Adept x2  
  125  12:25  Adept x2  
  135  12:36  Probe (Chrono Boost)  
  135  12:37  Probe x3 (Chrono Boost)  
  135  12:43  High Templar x4  
  143  12:49  Probe x3 (Chrono Boost)  
  143  12:50  Probe (Chrono Boost)  
  143  12:58  Observer  
  143  13:04  Photon Cannon  
  139  13:06  Photon Cannon  
  139  13:16  Adept x4  
  143  13:22  Adept, Zealot  
  143  13:26  Adept  
  147  13:27  Assimilator  
  147  13:32  Assimilator  
  142  13:36  Probe (Chrono Boost)  
  142  13:38  High Templar x2  
  147  13:46  Probe (Chrono Boost)  
  147  13:47  Probe (Chrono Boost)  
  147  13:48  Probe x2 (Chrono Boost)  
  151  14:01  Probe x3 (Chrono Boost), Photon Cannon  
  154  14:10  Stalker x3  
  154  14:11  Stalker  
  154  14:15  Adept x3  
  168  14:19  Archon x2  
  153  14:25  Adept x3  
  121  14:44  Protoss Ground Weapons Level 2, Protoss Ground Armor Level 2  
  121  14:52  Adept x4  
  129  14:53  Adept x4  
  129  14:59  Tempest  
  105  15:17  Adept  
  105  15:18  Adept x4  
  105  15:21  High Templar x2  
  105  15:27  Archon  
  101  15:32  Adept x2, High Templar  
  101  15:33  Zealot  
  87  15:43  Adept  
  87  15:44  Adept x3  
  93  16:08  Adept  
  93  16:09  Adept x6  
  88  16:20  Stalker x2  
  88  16:24  Adept  
  88  16:26  Adept  
  88  16:32  High Templar x3  
  94  16:36  High Templar  
  98  16:43  Adept  
  100  16:52  Adept  
  100  16:53  Adept x2  
  98  16:58  Adept  
  96  17:14  Stalker  
  96  17:15  Stalker x2  
  92  17:20  Archon  
  92  17:21  Archon  
  85  17:32  Phoenix  
  85  17:34  Pylon  
  87  17:45  High Templar  
  87  17:47  Adept  
  87  17:48  Adept  
  87  17:50  Observer  
  89  18:16  Nexus  
  89  18:20  Zealot  
  91  18:32  High Templar  
  87  18:41  Adept x6  
  99  19:00  Adept x3  
  100  19:05  Zealot x2  
  87  19:32  Adept x3  
  87  19:53  Adept  
Show
View Real Time Build Order
Export as new Build Order

Psmoonsun Protoss - Winner!

Build Orders:  

Get SALT Encoding   

Show
View Real Time Build Order
Export as new Build Order

PsRush Protoss - Winner!

Build Orders:  

Get SALT Encoding   

Tags
 
Add a new tag
Caveats
  • Supply blocks, unpowered buildings, or Contaminate may cause inaccurate times.
  • Supply counts are checked every 10 seconds.